 Dungeon Crawl Stone Soup version 0.18-a0-1577-gf591c28 (webtiles) character file.

115 M4edhros the Sneak (level 5, 0/33 HPs)
             Began as an Octopode Artificer on Mar 22, 2016.
             Slain by a hound (5 damage)
             ... on level 3 of the Dungeon.
             The game lasted 00:02:50 (1864 turns).

M4edhros the Sneak (Octopode Artificer)             Turns: 1864, Time: 00:02:50

Health: 0/33       AC:  1    Str:  9 (11) XL:     5   Next: 0%
Magic:  7/7        EV: 13    Int: 11 (14) God:
Gold:   145        SH:  0    Dex: 12 (13) Spells: 0 memorised, 4 levels left

rFire  . . .     SeeInvis .     h - +0 trident
rCold  . . .     Gourm    .     (no shield)
rNeg   . . .     Faith    .     (helmet restricted)
rPois  .         Spirit   .     (no amulet)
rElec  .         Dismiss  .     (no ring)
rCorr  .         Reflect  .     (no ring)
SustAt .         Harm     .     (no ring)
MR     .....                    (no ring)
Stlth  ++++......               (no ring)
                                (no ring)
                                (no ring)
                                (no ring)

@: not resistant to hostile enchantments, stealthy
A: almost no armour, amphibious, 8 rings, constrict 8, camouflage 1, gelatinous
body 1
a: no special abilities


You were on level 3 of the Dungeon.
You were very hungry.

You visited 1 branch of the dungeon, and saw 3 of its levels.

You collected 145 gold pieces.

Inventory:

Hand Weapons
 a - a +0 short sword
 h - a +0 trident (weapon)
Missiles
 k - 16 stones (quivered)
Wands
 b - a wand of flame (15/48)
 c - a wand of enslavement (15/24)
 d - a wand of random effects (15/48)
Scrolls
 e - 4 scrolls of amnesia
 i - a scroll of remove curse
 j - a scroll of recharging
 n - 2 scrolls of identify
 q - 2 scrolls of magic mapping
Potions
 l - a potion of ambrosia
 m - a potion of might
Books
 o - a book of Death

   Spells                             Type                      Level
   a - Corpse Rot                     Necromancy                   2
   b - Sublimation of Blood           Necromancy                   2
   c - Agony                          Necromancy                   5
   d - Dispel Undead                  Necromancy                   5
   e - Excruciating Wounds            Charms/Necromancy            5
   f - Bolt of Draining               Conjuration/Necromancy       5
Comestibles
 f - 2 bread rations
 g - 2 meat rations


   Skills:
 - Level 1.0 Fighting
 - Level 1.0 Short Blades
 + Level 3.2 Dodging
 * Level 5.4 Stealth
 - Level 3.2 Evocations


You had 4 spell levels left.
You didn't know any spells.

Dungeon Overview and Level Annotations

Branches:
Dungeon (3/15)

Altars:
Qazlal


Innate Abilities, Weirdness & Mutations

You cannot wear most types of armour.
You are amphibious.
You can wear up to eight rings at the same time.
You can use your tentacles to constrict eight enemies at once.
Your skin changes colour to match your surroundings (Stealth).
Your rubbery body absorbs attacks (AC +1).


Message History

Press: ? - help, Dir - move target cursor, f - hound
Aim: a hound You reach to attack!
You miss the hound. The hound bites you.
You barely miss the hound. You grab the hound. Your squeeze misses the hound.
You constrict the hound, but do no damage.
The hound closely misses you. The hound bites you.
You hit the hound.
The hound is lightly wounded.
You constrict the hound, but do no damage.
You are feeling very hungry.
The hound bites you but does no damage. The hound bites you.
* * * LOW HITPOINT WARNING * * *
You are too injured to fight recklessly!
You are too injured to fight recklessly!
You hit the hound but do no damage.
The hound is lightly wounded.
You constrict the hound. The hound bites you.
* * * LOW HITPOINT WARNING * * *
The hound bites you.
You die...

#...........#####
#(.####.###.# ###
#.# #.# # #.# #.+
### #.#
#...####.###.#
#.#..........#######
#.....h@............
#########...........
#...........
#...........
#.........g.
#...........
#...........
#########+##


You could see a hound.

Vanquished Creatures
  5 adders (D:2)
  A worm (D:2)
  A dart slug (D:1)
  5 orcs (D:3)
  2 giant cockroaches
  6 goblins
  A hobgoblin (D:1)
  8 jackals
  10 kobolds
  3 quokkas (D:3)
  9 bats
  2 giant newts (D:1)
  3 rats
56 creatures vanquished.

Notes
Turn   | Place    | Note
--------------------------------------------------------------
     0 | D:1      | M4edhros the Octopode Artificer began the quest for the Orb.
     0 | D:1      | Reached XP level 1. HP: 13/13 MP: 3/3
     3 | D:1      | Noticed an electric eel
     3 | D:1      | Noticed an electric eel
    48 | D:1      | Reached skill level 2 in Stealth
   118 | D:1      | Reached XP level 2. HP: 16/18 MP: 4/4
   228 | D:1      | Reached skill level 3 in Stealth
   647 | D:1      | Reached XP level 3. HP: 19/23 MP: 5/5
   721 | D:1      | You fall through a shaft!
   957 | D:2      | Reached skill level 4 in Stealth
  1049 | D:2      | Reached XP level 4. HP: 28/28 MP: 6/6
  1379 | D:2      | Reached skill level 5 in Stealth
  1506 | D:2      | Found a stormy altar of Qazlal.
  1809 | D:3      | Reached XP level 5. HP: 12/33 MP: 7/7
  1864 | D:3      | Slain by a hound

Vault maps used:
D:1:      arrival_aquarium_b, minivault_26
D:2:      marbit_many_paths, st_stairs_13, grunt_decor_resistance
D:3:      kiku_gazebo_pond_becter, led_sif_book, first_bread,
          gup_sewer_entry_bowl

Skill      XL: |  1  2  3  4 |
---------------+-------------+-----
Stealth        | 2 3 4 5 |  5.4
Dodging        | 3 |  3.2
Fighting       | |  1.0
Short Blades   | |  1.0
Evocations     | |  3.2

Action                   |  1- 3 |  4- 6 || total
-------------------------+-------+-------++-------
Melee: Short sword       |    67 |    22 ||    89
       Trident           |       |    18 ||    18
  Use: Potion            |       |     7 ||     7
       Scroll            |       |     4 ||     4
 Stab: Sleeping          |     9 |    13 ||    22
  Eat: Chunk             |       |     2 ||     2
